 Dungeon Crawl Stone Soup version 0.23-a0-207-g93a313e (webtiles) character file.

62 mandick the Sneak (level 4, -2/27 HPs)
             Began as an Octopode Enchanter on Sept 25, 2018.
             Was an Initiate of Dithmenos.
             Slain by a goblin (4 damage)
             ... led by Robin
             ... on level 2 of the Dungeon.
             The game lasted 00:08:08 (1887 turns).

mandick the Sneak (Octopode Enchanter)              Turns: 1887, Time: 00:08:09

Health: -2/27      AC:  1    Str:  7    XL:     4   Next: 8%
Magic:  7/7        EV: 13    Int: 18    God:    Dithmenos [......]
Gold:   70         SH:  0    Dex: 12    Spells: 3/7 levels left

rFire    . . .     SeeInvis .   a - +1 dagger
rCold    . . .     Gourm    .   (no shield)
rNeg     . . .     Faith    .   (helmet restricted)
rPois    .         Spirit   .   (no amulet)
rElec    .         Reflect  .   (no ring)
rCorr    .         Harm     .   (no ring)
MR       .....                  (no ring)
Stlth    ++++......             (no ring)
HPRegen  0.09/turn              (no ring)
MPRegen  0.10/turn              (no ring)
                                (no ring)
                                (no ring)

@: no status effects
A: almost no armour, stealthy swim, amphibious, 8 rings, constrict 8, camouflage
1, gelatinous body 1
a: Renounce Religion


You were on level 2 of the Dungeon.
You worshipped Dithmenos.
Dithmenos was noncommittal.
You were not hungry.

You visited 1 branch of the dungeon, and saw 2 of its levels.

You collected 70 gold pieces.

Inventory:

Hand Weapons
 a - a +1 dagger (weapon)
Wands
 l - a wand of random effects (16)
Scrolls
 b - a scroll of remove curse {unknown}
 d - a scroll of fog {unknown}
 f - 4 scrolls of identify {unknown}
 h - a scroll of amnesia {unknown}
 j - 2 scrolls of immolation {unknown}
Potions
 e - a potion of degeneration {unknown}
 g - a potion of lignification {unknown}
 i - 3 potions of curing {unknown}
 k - a potion of agility {unknown}
 m - a potion of might {unknown}
Comestibles
 c - 4 rations
 n - 4 chunks of flesh


   Skills:
 - Level 1.0 Short Blades
 - Level 2.0 Dodging
 + Level 5.5 Stealth
 - Level 2.0 Spellcasting
 + Level 4.0 Hexes


You had 3 spell levels left.
You knew the following spells:

 Your Spells              Type           Power        Failure   Level  Hunger
a - Corona                Hex            ###....      3%          1    #......
b - Confuse               Hex            ###.....     11%         3    ###....

Your spell library contained the following spells:

 Spells                   Type           Power        Failure   Level  Hunger
 Tukima's Dance           Hex            ###.....     11%         3    ###....
 Ensorcelled Hibernation  Hex/Ice        #.....       12%         2    ###....
 Dazzling Spray           Conj/Hex       #.....       24%         3    ###....


Dungeon Overview and Level Annotations

Branches:
Dungeon (2/15)

Altars:
Dithmenos

Annotations:
D:2 Robin


Innate Abilities, Weirdness & Mutations

You cannot wear most types of armour.
You are very stealthy in the water. (Stealth+)
You are amphibious.
You can wear up to eight rings at the same time.
You can use your tentacles to constrict eight enemies at once.
Your skin changes colour to match your surroundings (Stealth+).
Your rubbery body absorbs attacks. (AC +1, EV +1)


Message History

Press: ? - help, Shift-Dir - straight line, f/p - goblin
Aim: a goblin, wielding a club (unusually strong)
The hobgoblin looks slightly unstable.
Robin throws the goblin at you! The goblin hits you.
The goblin closely misses you.
The hobgoblin disappears!
The goblin hits you. The goblin hits you. Robin throws the goblin at you!
The goblin hits you.
You barely miss the goblin. Your grab misses the goblin.
The goblin barely misses you. x3
You hit the goblin. Your grab misses the goblin.
The goblin is severely wounded.
The goblin hits you.
* * * LOW HITPOINT WARNING * * *
The goblin hits you.
* * * LOW HITPOINT WARNING * * *
You hit the goblin.
You kill the goblin!
Dithmenos accepts your kill. The goblin hits you.
You die...

#...........##
#.........#...
#....####.....
#....###....##
#....##.......
##....#........
####....[.........
#.).......#.......
##@##..............
###gg##.###..........
#.Kg###.###.#####.##.
#g### #.##...##......
#g #.#............ g.
#.............# ...
#.............# #.gg
#.............. #.gg
#.#..........#.


You could see 6 goblins and a kobold.

Vanquished Creatures
  An adder (D:2)
  A worm (D:2)
  2 dart slugs (D:1)
  A leopard gecko (D:1)
  3 giant cockroaches (D:1)
  3 goblins (D:2)
  5 hobgoblins
  10 jackals
  A quokka (D:2)
  3 bats
  4 frilled lizards
  5 kobolds
  2 rats
41 creatures vanquished.

Notes
Turn   | Place    | Note
-------+----------+-------------------------------------------
     0 | D:1      | mandick the Octopode Enchanter began the quest for the Orb.
     0 | D:1      | Reached XP level 1. HP: 11/11 MP: 3/3
   152 | D:1      | Reached XP level 2. HP: 16/17 MP: 5/5
   815 | D:2      | Found a shadowy altar of Dithmenos.
   820 | D:2      | Reached XP level 3. HP: 21/21 MP: 6/6
   846 | D:1      | Reached skill level 5 in Stealth
  1071 | D:2      | Became a worshipper of Dithmenos the Shadowed
  1187 | D:2      | Learned a level 3 spell: Confuse
  1862 | D:2      | Reached XP level 4. HP: 27/27 MP: 7/7
  1878 | D:2      | Noticed Robin
  1887 | D:2      | Slain by a goblin

Vault maps used:
D:1:      minmay_arrival_semitransparent
D:2:      grunt_ministairs_9, grunt_dithmenos_smoke, uniq_robin

Skill      XL: |  1  2  3  4 |
---------------+-------------+-----
Stealth        | 5 |  5.5
Hexes          | 4 |  4.0
Short Blades   | |  1.0
Dodging        | |  2.0
Spellcasting   | |  2.0

Action                   |  1- 3 |  4- 6 || total
-------------------------+-------+-------++-------
Melee: Dagger            |    90 |     3 ||    93
       Constrict         |    18 |       ||    18
       Tentacles         |    14 |       ||    14
 Cast: Corona            |     1 |       ||     1
       Confuse           |     1 |       ||     1
Evoke: Wand              |       |     3 ||     3
 Stab: Sleeping          |    13 |       ||    13
       Confused          |     1 |       ||     1
  Eat: Chunk             |     3 |       ||     3
Armor: Skin              |     7 |       ||     7
Dodge: Dodged            |    48 |     5 ||    53

Table legend:
 A = Non-vault XP
 B = Vault XP
 C = Vault XP percentage of total XP
 D = Non-vault monster count
 E = Vault monster count
 F = Vault count percentage of total count
                 A         B        C        D         E       F
            +---------+---------+-------+---------+---------+-------
      Total |      82 |       7 |   7.9 |      37 |       4 |   9.8
            +---------+---------+-------+---------+---------+-------
        D:1 |      25 |       0 |   0.0 |      12 |       0 |   0.0
        D:2 |      57 |       7 |  10.9 |      25 |       4 |  13.8
            +---------+---------+-------+---------+---------+-------
